 Dungeon Crawl Stone Soup version 0.23.2-40-g277498a001 (webtiles) character file.

Game seed: 2127268111140107630

211 Htamos the Conjurer (level 5, -7/37 HPs)
             Began as a Mummy Conjurer on Sept 3, 2019.
             Mangled by a scorpion (9 damage)
             ... on level 4 of the Dungeon.
             The game lasted 00:08:16 (7233 turns).

Htamos the Conjurer (Mummy Conjurer)                Turns: 7233, Time: 00:08:17

Health: -7/37      AC:  4    Str: 11    XL:     5   Next: 57%
Magic:  1/10       EV: 12    Int: 15    God:
Gold:   147        SH:  0    Dex: 13    Spells: 3/10 levels left

rFire    x . .     SeeInvis .   i - +0 hand axe (flame)
rCold    + . .     Gourm    .   (no shield)
rNeg     + + +     Faith    .   a - +0 robe
rPois    ∞         Spirit   .   c - +0 helmet
rElec    .         Reflect  .   l - +0 cloak
rCorr    .         Harm     .   (no gloves)
MR       .....                  (no boots)
Stlth    ++........             (no amulet)
HPRegen  0.12/turn              (no ring)
MPRegen  0.12/turn              (no ring)

@: very slightly contaminated
A: no food or potions, fire vulnerability, cold resistance 1, negative energy
resistance 3, torment resistance, unbreathing
a: no special abilities


You were on level 4 of the Dungeon.
You were not hungry.

You visited 1 branch of the dungeon, and saw 4 of its levels.

You collected 147 gold pieces.

Inventory:

Hand Weapons
 e - a +0 hand axe
 i - a +0 hand axe of flaming (weapon)
 k - a +3 quarterstaff of chaos
 n - a +0 vampiric spear
Missiles
 j - 2 tomahawks of returning (quivered)
 m - a throwing net
Armour
 a - a +0 robe (worn)
 c - a +0 helmet (worn)
 l - a +0 cloak (worn)
 o - a cursed +0 ring mail
Scrolls
 b - 2 scrolls of identify {unknown}
 d - 2 scrolls of fog {unknown}
 f - 5 scrolls of remove curse
 g - a scroll of teleportation {unknown}
 h - a scroll of immolation {unknown}
 p - a scroll of enchant armour {unknown}


   Skills:
 + Level 1.5 Fighting
 + Level 1.1 Axes
 + Level 1.3 Throwing
 + Level 1.1 Armour
 + Level 2.3 Dodging
 + Level 2.3 Stealth
 - Level 0.4 Unarmed Combat
 + Level 3.4 Spellcasting
 + Level 3.6 Conjurations


You had 3 spell levels left.
You knew the following spells:

 Your Spells              Type           Power        Failure   Level  Hunger
a - Magic Dart            Conj           ##..         4%          1    N/A
b - Iskenderun's Mystic   Conj           ##......     38%         4    N/A
c - Searing Ray           Conj           ##....       6%          2    N/A

Your spell library contained the following spells:

 Spells                   Type           Power        Failure   Level  Hunger
 Dazzling Spray           Conj/Hex       #.....       26%         3    N/A
 Force Lance              Conj/Tloc      #.......     65%         4    N/A
 Fulminant Prism          Conj/Hex       #.........   65%         4    N/A

Dungeon Overview and Level Annotations

Branches:
Dungeon (4/15)
 Temple: D:4-7

Altars:
Uskayaw
Wu Jian

Annotations:
D:3 exclusions: downstairs and 1 more exclusion


Innate Abilities, Weirdness & Mutations

You do not eat or drink.
Your flesh is vulnerable to fire.
You are immune to poison.
Your flesh is cold resistant. (rC+)
You are immune to negative energy. (rN+++)
You are immune to unholy pain and torment.
You can survive without breathing.


Message History

* * * LOW MAGIC WARNING * * *
The scorpion stings you but does no damage.
You barely miss the scorpion.
The scorpion is moderately wounded.
The scorpion stings you but does no damage. x2
You hit the scorpion but do no damage.
The scorpion is moderately wounded.
The scorpion barely misses you.
You barely miss the scorpion.
The scorpion is moderately wounded.
The scorpion stings you!
* * * LOW HITPOINT WARNING * * *
You hit the scorpion. You burn the scorpion.
The scorpion is heavily wounded.
The scorpion stings you!
* * * LOW HITPOINT WARNING * * *
You hit the scorpion. You burn the scorpion.
The scorpion is severely wounded.
The scorpion misses you. The scorpion stings you!
You die...

#...<# #####.######.........
##.#÷######.#............######<#
#...O........!.....####..# #.#
>.............##...# #..######.#
#...#######.#####.## #..........
##.## ....?....# ##.#####.## #.#
.########.######.# #.# #...O....
#.........# #.# .###.....
#@######### #.# #. .... #s# #.#
#. ... #.# #.# #. .$ #.# #.# #. .
#.# #.# .. #.# #.# ..#


You could see a scorpion.

Vanquished Creatures
  Crazy Yiuf (D:2)
  Jessica (D:2)
  An iguana (D:4)
  3 adders
  4 gnolls (D:3)
  An ooze (D:1)
  An adder skeleton (D:4)
  3 dart slugs
  A leopard gecko (D:2)
  An orc (D:4)
  3 giant cockroaches
  6 goblins
  5 hobgoblins
  3 jackals (D:3)
  2 quokkas (D:3)
  A ball python (D:3)
  4 bats
  2 frilled lizards (D:2)
  4 kobolds
  10 rats
57 creatures vanquished.

Notes
Turn   | Place    | Note
-------+----------+-------------------------------------------
     0 | D:1      | Htamos the Mummy Conjurer began the quest for the Orb.
     0 | D:1      | Reached XP level 1. HP: 13/13 MP: 4/4
   421 | D:1      | Reached XP level 2. HP: 19/19 MP: 0/5
  2163 | D:2      | Found a runed translucent door.
  2164 | D:2      | Noticed Crazy Yiuf
  2405 | D:2      | Reached XP level 3. HP: 25/25 MP: 2/7
  2563 | D:2      | Noticed Jessica
  2607 | D:2      | Killed Jessica
  2607 | D:2      | Reached skill level 1 in Fighting
  2607 | D:2      | Reached XP level 4. HP: 32/32 MP: 3/8
  2953 | D:2      | Learned a level 4 spell: Iskenderun's Mystic Blast
  2956 | D:2      | Learned a level 2 spell: Searing Ray
  2967 | D:2      | Killed Crazy Yiuf
  2967 | D:2      | Reached skill level 1 in Throwing
  4812 | D:3      | Noticed a +0 hand axe
  4813 | D:3      | Noticed a +0 hand axe
  5031 | D:3      | Found a hide-covered altar of Uskayaw.
  5192 | D:3      | Reached XP level 5. HP: 28/37 MP: 1/9
  5291 | D:3      | Reached skill level 1 in Armour
  5465 | D:3      | Found an ornate altar of the Wu Jian Council.
  5546 | D:3      | Reached skill level 1 in Axes
  6240 | D:3      | Found a hide-covered altar of Uskayaw.
  6523 | D:3      | Found an ornate altar of the Wu Jian Council.
  7082 | D:4      | Noticed an ogre
  7233 | D:4      | Mangled by a scorpion

Skill      XL: |  1  2  3  4  5 |
---------------+----------------+-----
Fighting       | 1 |  1.5
Dodging        | 2 |  2.3
Spellcasting   | 3 |  3.4
Throwing       | 1 |  1.3
Stealth        | 2 |  2.3
Armour         | 1 |  1.1
Axes           | 1 |  1.1
Unarmed Combat | |  0.4
Conjurations   | |  3.6

Action                   |  1- 3 |  4- 6 || total
-------------------------+-------+-------++-------
Melee: Hand axe          |    28 |    20 ||    48
 Cast: Magic Dart        |    55 |    76 ||   131
       Searing Ray       |       |     4 ||     4
       Iskenderun's Myst |       |     2 ||     2
  Use: Scroll            |       |     1 ||     1
Armor: Robe              |     6 |     8 ||    14
Dodge: Dodged            |    29 |    28 ||    57
